[Event "ROM-GER Kings"]
[Site "Medias"]
[Date "2015.11.01"]
[Round "3.3"]
[White "Deac, Bogdan Daniel"]
[Black "Buhmann, Rainer"]
[Result "1/2-1/2"]
[ECO "D46"]
[WhiteElo "2455"]
[BlackElo "2615"]
[Annotator "Bulmaga,I"]
[PlyCount "108"]
[EventDate "2015.10.30"]
[EventType "schev"]
[EventRounds "5"]
[EventCountry "ROU"]
[SourceTitle "CBM 169"]
[Source "ChessBase"]
[SourceDate "2015.11.10"]
[SourceVersion "1"]
[SourceVersionDate "2015.11.10"]
[SourceQuality "1"]
[WhiteTeam "Romania"]
[BlackTeam "Germany"]
[WhiteTeamCountry "ROU"]
[BlackTeamCountry "GER"]
[TimeControl "40/5400+30:1800+30"]

1. c4 c6 2. Nf3 Nf6 3. Nc3 d5 4. e3 e6 5. b3 Bd6 6. Bb2 O-O 7. d4 (7. Qc2 e5 8.
cxd5 cxd5 9. Nb5 Nc6 10. Nxd6 Qxd6 11. d4 $13) 7... Nbd7 8. Bd3 e5 9. cxd5 cxd5
10. dxe5 Nxe5 11. Be2 Nxf3+ 12. Bxf3 Be5 13. O-O Bf5 {Weiß hat die bessere
Bauernstruktur, aber Schwarz steht aktiver und so sollte sich die Stellung
insgesamt im Gleichgewicht befinden.} 14. Na4 $6 (14. Qe2 $5 Rc8 15. Rac1 Re8 (
15... d4 $2 16. exd4 Bxd4 17. Rcd1 $16) 16. Nb5 $14) 14... Bxb2 15. Nxb2 Be4
16. Be2 Rc8 17. Qd4 Qa5 18. Bd3 Qc3 19. Qxc3 Rxc3 20. Rfd1 g6 21. h3 Kg7 22.
Kf1 Rfc8 23. f3 Bxd3+ 24. Nxd3 {Dieses Endspiel sieht sehr nach Remis aus.
Schwarz hat den isolierten d-Bauern, der natürlich schwach ist, aber dafür
kontrolliert Schwarz die c-Linie und das reicht mindestens zum Ausgleich.} Re8
25. Ke2 d4 26. e4 Nd5 27. Rd2 f5 28. Nf2 {[#]} d3+ $5 29. Nxd3 fxe4 30. fxe4
Rxe4+ 31. Kf2 Rd4 32. Rad1 Nf6 33. Ke2 Nh5 (33... Ne4 34. Ke3 Rb4 35. Kf4 {
Auf diese hübsche Variante wies GM Buhmann in der Analyse der Partie hin.} (
35. Rc2 $14) 35... Rxd3 36. Rxd3 Nc5+ 37. Ke5 Re4+ 38. Kd6 Nxd3 39. Rxd3 Re2
$11) 34. Kf2 Nf6 35. Ke2 Rc7 36. Ne1 Rxd2+ 37. Rxd2 Ne4 38. Rb2 Kf6 39. Ke3 Re7
40. Nf3 Ng5+ 41. Kf2 Rc7 42. Nxg5 Kxg5 43. Re2 Kf4 44. g3+ Kf5 45. h4 h6 46.
Kg2 g5 47. hxg5 hxg5 48. Rf2+ Kg4 49. Rd2 b6 50. Rd4+ Kf5 51. Kh3 Rh7+ 52. Kg2
Rc7 53. Kh3 Rh7+ 54. Kg2 Rc7 1/2-1/2

[Event "World Women-ch k.o."]
[Site "Sochi"]
[Date "2015.04.02"]
[Round "6.1"]
[White "Pogonina, Natalija"]
[Black "Muzychuk, Mariya"]
[Result "1/2-1/2"]
[ECO "D46"]
[WhiteElo "2456"]
[BlackElo "2526"]
[Annotator "CB"]
[PlyCount "80"]
[EventDate "2015.03.17"]
[EventType "k.o."]
[EventRounds "6"]
[EventCountry "RUS"]
[SourceTitle "CBM 166"]
[Source "ChessBase"]
[SourceDate "2015.05.11"]
[SourceVersion "1"]
[SourceVersionDate "2015.05.11"]
[SourceQuality "1"]
[TimeControl "40/5400+30:1800+30"]

1. d4 {(0)} d5 {(0)} 2. c4 {(0)} c6 {(0)} 3. Nc3 {(0)} Nf6 {(0)} 4. e3 {(0)} e6
{(16)} 5. Nf3 {(0)} Nbd7 {(11)} 6. Qc2 {(2)} Bd6 {(17)} 7. Bd3 {(8)} O-O {(57)}
8. O-O {(7)} dxc4 {(108)} 9. Bxc4 {(5)} b5 {(7)} 10. Be2 {(10)} a6 {(130)} 11.
Rd1 {(25)} Qc7 {(157)} 12. e4 {(36)} e5 {(67)} 13. dxe5 {(39)} Nxe5 {(9)} 14.
h3 {(14)} Re8 {(339)} 15. Bg5 {(534)} Nxf3+ {(889)} 16. Bxf3 {(55)} Be6 {(44)}
(16... Nd7 17. Rac1 Ne5 18. Be2 Be6 19. Nd5 Bxd5 20. exd5 c5 21. b3 Rac8 22.
Be3 Qb7 23. a4 c4 24. axb5 axb5 25. Qb2 Qe7 26. bxc4 bxc4 27. Qd4 Bc5 28. Qe4
g6 29. Bxc5 Qxc5 30. Qd4 c3 31. d6 Qxd4 32. Rxd4 Nc6 33. Rc4 Rxe2 34. R4xc3 Rd2
35. Rxc6 Rd8 36. g3 R2xd6 37. Rxd6 Rxd6 38. h4 h5 {1/2-1/2 (38) Kunte,A (2476)
-Ter Sahakyan,S (2568) Chennai 2013}) 17. Rac1 {(1134)} Rad8 {(588) Both
players have completed their development, and for all purposes Black has
equalized.} 18. b3 {(210)} Bh2+ {(820)} 19. Kf1 {(530)} Be5 {(997)} 20. Be3 {
(283)} ({The flashy} 20. Nd5 $5 cxd5 21. Qxc7 Bxc7 22. Rxc7 dxe4 23. Rxd8 Rxd8
24. Bxf6 gxf6 25. Bxe4 {doesn't promise a lot.}) 20... h6 {(398)} 21. Ne2 {
(201)} Rxd1+ {(62)} 22. Rxd1 {(48)} Bc8 {(144)} 23. Kg1 {(322)} Bb7 {(112)} 24.
g3 {(846)} Rd8 {(591)} 25. Rxd8+ {(264)} Qxd8 {(2)} 26. Bg2 {(19)} Bc7 $6 {
(49) Not best, and could lead to trouble for Black.} (26... Bd6 27. f4 Bf8 {
would lead to a simple draw in all likelihood.}) 27. Nf4 {(412)} (27. Nd4 $1 {
would have given more chances for Black to slip.} Bb6 (27... Qd7 $6 28. Nf5 {
and now Black has some serious issues on the dark squares. The c5-square is
just begging to be taken over. The c6-pawn is also indirectly under fire once
the bishop is brought in, since after a capture Ne7+ can recapture.}) 28. Nxc6
Bxc6 29. Qxc6 Bxe3 30. fxe3 {and Black has some serious coordination issues to
resolve} Qb8 31. Kf2 a5 32. Qa6 Qd8 33. Qxb5 Qd2+ 34. Qe2 Qc3 $14) 27... Nd7 {
(70)} 28. Nd3 {(32)} Bb6 {(123)} 29. Nc5 {(195)} Bc8 {(19)} 30. Nxd7 {(227)}
Bxd7 {(37)} 31. Bc5 {(184)} Bxc5 {(59)} 32. Qxc5 {(4)} Qa5 {(9)} 33. a3 {(309)}
Be6 {(64)} 34. e5 {(36)} Qe1+ {(193)} 35. Kh2 {(9)} Bxb3 {(13)} 36. Bxc6 {(34)}
Be6 {(24)} 37. Bg2 {(117)} Qe2 {(26)} 38. Qb6 {(87)} Qxe5 {(34)} 39. Qxa6 {(21)
} Qc5 {(19)} 40. Qa8+ {(0)} Kh7 {(0)} 1/2-1/2

[Event "EU-ch 12th"]
[Site "Aix les Bains"]
[Date "2011.04.01"]
[Round "10"]
[White "Svidler, Peter"]
[Black "Kobalia, Mihail"]
[Result "1-0"]
[ECO "D46"]
[WhiteElo "2730"]
[BlackElo "2672"]
[Annotator "Marchand,A/Primel,D"]
[PlyCount "127"]
[EventDate "2011.03.22"]
[EventType "swiss"]
[EventRounds "11"]
[EventCountry "FRA"]
[SourceTitle "CBM 142 Extra"]
[Source "ChessBase"]
[SourceDate "2011.06.27"]
[SourceVersion "1"]
[SourceVersionDate "2011.06.27"]
[SourceQuality "1"]
[TimeControl "40/5400+30:1800+30"]

1. d4 d5 2. c4 c6 3. Nc3 Nf6 4. e3 e6 5. Nf3 Nbd7 6. Qc2 Bd6 7. Bd3 O-O 8. O-O
dxc4 9. Bxc4 a6 (9... b5 {La grande ligne} 10. Bd3 Bb7) 10. Rd1 {88} b5 {83}
11. Bd3 {85} Bb7 {76} (11... Qc7 {L'alternative} 12. Bd2 c5 13. Ne4 $1 c4 14.
Nxd6 Qxd6 15. Be2 Bb7 $132 16. b3 Bd5 {Jakovenko,D (2729)-Ragger,M (2654)
EU-ch 13th Plovdiv 2012 (8) 1/2}) 12. Ng5 {[%csl Rh7] Après 15 mns de
réflexion sur ce coup, le russe évite la ligne principale 12.e4 pour provoquer
un petit affablissement de l'aile-roi} (12. e4 e5 {Van Wely,L (2605)-Kramnik,V
(2790) Amber-rapid 07th 1998 (1) 0-1}) (12. Bd2 c5 13. Ne4 Bxe4) 12... h6 {82}
13. Nge4 Be7 14. a3 a5 15. Rb1 $5 {56} (15. Bd2
Qb6 {Pashikian,A (2640)-Andriasian,Z (2585) ARM-ch 71st Yerevan 2011 (6) 1/2})
(15. Nxf6+ Bxf6 16. Ne4 Be7 17. b3 Qb6 18. Bb2 Rfc8 (18... Rac8)
19. Qe2 b4 $11 {Jakovenko,D (2736)-Yevseev,D (2529) RUS-ch Higher League 65th
2012 (2) 1/2}) 15... b4 {57} (15... Nxe4 16. Nxe4) (15... Rc8 16. Nxf6+ Nxf6
17. Ne4 (17. e4 c5 18. dxc5 (18. e5) 18... Bxc5 19. e5 Nd5 20. Nxb5 Qh4 $44)
17... Nxe4 18. Bxe4 Qb6 ) (15... Qb6 16. b4 axb4 $11 {Gavrilov,A (2481)-Balazs,G (2383) Budapest FS07 GM
2011 (4.4) 1/2}) 16. Nxf6+ {[%csl Gc5] Continuant la lutte pour le contrôle
indirect de la case "c5"} Bxf6 17. Ne4 $1 Be7 18. Nc5 $14 {
[%csl Rb7,Gc5][%cal Gd1d8] 37} Bxc5 {50} (18... Nxc5 {Semblait un peu plus
solide pour éviter les faiblesses sur cases Noires en gardant le B} 19. dxc5 Qc7 (19... Qb8) 20. Bd2 $14) 19. dxc5 Qe7 (19... b3 $5 {Les Noirs ont tenté d'améliorer la
partie quelques semaines plus tard avec b3 mais les Blancs gardent aussi un
petit avantage d'ouverture} 20. Qxb3 Nxc5 21. Bh7+
Kh8 22. Rxd8 Nxb3 23. Rxf8+ Rxf8 24. Bc2 Nxc1 25. Rxc1 $14 {[%csl Rb7,Gc1,Gc2,
Rc6] Les Blancs ont une meilleure finale mais les qualités de défense d'un TOP
GMI suffisent а annuler cette position.} Rd8 26. h3 (26. Kf1 c5 (26... Rd2 27.
Ke1) 27. Bd1 (27. Bb3 Rd2) 27... Rd2 28. Bf3 Ba6+ 29. Ke1 Rxb2 30. Rxc5 Rb5)
26... Rd2 27. b4 axb4 28. axb4 Rd5 29. Be4 Rb5 30. Rc4 Kg8 31. Bxc6 {1/2-1/2
Svidler,P (2730)-Caruana,F (2716)/Olginka 2011}) 20. axb4 axb4 21. Bd2 b3 22. Qxb3 Nxc5 23. Bb4 $1 {Probablement oublié par les
Noirs lorsqu'ils ont choisi de jouer Bc5} Nxb3 24. Bxe7 Rfe8 25. Bd6 {[%csl
Gd6] La paire de B donne une petite initiative aux Blancs} Ba6 26. Bc2 (26. Be4
) 26... Bc4 {[%csl Gb3] le Nb3 gêne un peu les Blancs et il est important de
l'y maintenir} 27. h4 Ra5 28. f3 Rea8 29. Bb4 Rd5 30. Be4
$1 {[%cal Ge4c6] 24} (30. Kf2) 30... Rxd1+ $6 {Résoud le problème de la Rb1
qui manquait d'activité} (30... Be2 $142 $5 31. Re1 Bd3 32. Bxd3 Rxd3 33. Rbd1
Rad8 34. Rxd3 Rxd3 $11) (30... Rb8 $5 31. Bxd5 cxd5 $44 ) 31.
Rxd1 $16 Rb8 32. Rd7 Bd5 33. Bd6 Ra8 34. Bd3 Nc1 35. Bf1 (35. Bc2 $5 ) 35...
Bb3 36. g4 (36. Ba3 $5 Rc8 37.
Rb7 Bc2 38. Kf2) 36... Ra5 37. Bb4 (37. e4) 37... Ra1 (37... Rd5 38. Rxd5 cxd5
39. Kf2 f6 40. Bd2 $1 Na2 {[%csl Ra2] la finale est aussi sans espoirs pour
les Noirs}) 38. Kf2 e5 39. Rc7 e4 $5 40. fxe4 Bc2 41. Bc3 Nd3+ 42. Kg2 Ne1+ (
42... Rb1 43. Rxc6 Nxb2) 43. Kg3 Nd3 (43... Bxe4) 44. Bg2 {Les Noirs n'ont
rien obtenu tactiquement en compensation du P e4 sacrifié} Nc5 45. e5 Be4 $6 {
Il va y avoir une surcharge} 46. e6 $1 $36 fxe6 47. b4 $40 (47. Rxg7+ Kf8 48. b4 Rg1 49. bxc5 Rxg2+ 50.
Kf4 Bd5 51. Ra7 $36 ) 47... Rg1 48. Rxg7+ Kf8 49. bxc5 Rxg2+ 50.
Kf4 Bd3 51. Rc7 Be2 52. g5 $18 hxg5+ 53. hxg5 Bc4 54. Rxc6 Rf2+ 55. Kg3 Rc2 56.
Bf6 Kf7 57. Rc7+ Kg6 58. e4 Bd3 59. Kf4 Rg2 60. Kf3 Rc2 61. Rg7+ Kh5 62. Rh7+
Kg6 63. Rh6+ Kf7 64. Be5 1-0

[Event "EU-ch 12th"]
[Site "Aix les Bains"]
[Date "2011.03.30"]
[Round "8"]
[White "Wojtaszek, Radoslaw"]
[Black "Potkin, Vladimir"]
[Result "1/2-1/2"]
[ECO "D46"]
[WhiteElo "2711"]
[BlackElo "2653"]
[Annotator "Marchand,A/Primel,D"]
[PlyCount "76"]
[EventDate "2011.03.22"]
[EventType "swiss"]
[EventRounds "11"]
[EventCountry "FRA"]
[SourceTitle "CBM 142 Extra"]
[Source "ChessBase"]
[SourceDate "2011.06.27"]
[SourceVersion "1"]
[SourceVersionDate "2011.06.27"]
[SourceQuality "1"]
[TimeControl "40/5400+30:1800+30"]

1. d4 {Le polonais double les Blancs} d5 2. c4 c6 3. Nc3 Nf6 4. e3 e6 5. Nf3
Nbd7 6. Bd3 (6. Qc2) 6... dxc4 7. Bxc4 b5 8. Bd3 (8. Be2) 8... Bd6 9. O-O O-O
10. Qc2 Bb7 11. a3 a5 12. e4 e5 13. dxe5 Nxe5 14. Nxe5 Bxe5 15. h3 Ba6 ({RR} 15... Re8 16. Be3 Qc7 17. Rad1 Rad8 18. Ne2 Bd6 19.
Nd4 Nh5 20. Rfe1 Nf4 21. Bf1 Ne6 22. Nxe6 Rxe6 23. f4 f6 24. Qb3 Qf7 25. Bb6 a4
26. Qa2 Rd7 27. Be2 g6 28. e5 Bc7 29. Bxc7 Rxc7 30. Bg4 {Kramnik,V (2785)
-Anand,V (2801)/Moscow 2007/CBM 121 Extra/1/2-1/2 (47)}) (15... b4) (15... Qe7
16. Be3 Rfe8 {Ivanisevic,I (2628)-Sedlak,N (2546) Kostic Memorial 16th 2010 (7)
1/2}) 16. Rb1 {[%cal Gb2b4] Une nouveauté qui ne fait pas très bonne
impression car les Noirs vont réussir la poussée "c5" malgré tout assez
facilement} (16. Rd1 {Giri,A (2677)-Shirov,A (2749) Hoogeveen Unive Crown 14th
2010 (3) 1/2}) 16... Re8 (16... b4 17. Bxa6 Rxa6 18. Na4 c5 19.
Be3 Rc6 20. axb4 axb4 21. Qc4 Qc7 22. Rbc1 Rc8 23. f4 {1/2-1/2 Smirnov,P (2539)
-Potkin,V (2653)/Olginka 2011/Mega2011 Update 18}) (16... Qe7 $5 17. b4) 17.
Rd1 Qe7 18. b4 $5 axb4 19. axb4 Rac8 20. Ne2 Bb8 21. Nd4 c5
$132 22. bxc5 Qe5 23. Nf3 Qxc5 24. Qa2 Bb7 25. Ba3 (25. Rxb5 Qxc1 26. Rxc1
Rxc1+ 27. Bf1 Bxe4 $44) 25... Qa7 26. Bxb5 Red8 $11 27. Rxd8+ Rxd8 28. e5 Bxf3
29. exf6 Bd6 30. Ra1 Bxa3 31. Qxa3 Qxa3 32. Rxa3 Be4 33. Rg3 Bg6 34. h4 Rd1+
35. Kh2 Rd4 36. fxg7 Rxh4+ 37. Rh3 Rxh3+ 38. Kxh3 Kxg7 1/2-1/2